 Dungeon Crawl Stone Soup version 0.30.0-21-gd299b56b3f (webtiles) character file.

Game seed: 12374084368073894924

52 qw the Chopper (level 3, -1/23 HPs)
             Began as a Gargoyle Fighter on June 2, 2023.
             Slain by a gnoll
             ... wielding a +0 spear
              (3 damage)
             ... on level 2 of the Dungeon.
             The game lasted 00:00:26 (918 turns).

qw the Chopper (Gargoyle Fighter)                    Turns: 918, Time: 00:00:27

Health: -1/23      AC: 12    Str: 21    XL:     3   Next: 85%
Magic:  3/3        EV:  9    Int:  8    God:
Gold:   41         SH:  9    Dex:  9    Spells: 2/2 levels left

rFire   . . .        Y - +0 war axe
rCold   . . .        c - +0 buckler
rNeg    + . .        b - +0 scale mail
rPois   inf          (no helmet)
rElec   +            l - +0 cloak
rCorr   .            (no gloves)
SInv    .            j - +0 pair of boots
Will    .....        f - amulet of reflection Stlth
                     (no ring)
HPRegen 0.23/turn    (no ring)
MPRegen 0.08/turn

%: reflection
@: no status effects
A: sickness immunity, AC +3, negative energy resistance 1, electricity
resistance, torment resistance 1, petrification resistance
a: no special abilities


You were on level 2 of the Dungeon.
You visited 1 branch of the dungeon, and saw 2 of its levels.

You collected 41 gold pieces.


Innate Abilities, Weirdness & Mutations

You are immune to sickness and miasma.
Your stone body is resilient. (AC +3)
You are immune to poison.
You resist negative energy. (rN+)
You are resistant to electric shocks. (rElec)
You are resistant to unholy torment.
You are immune to petrification.


   Skills:
 - Level 3.2 Fighting
 + Level 3.6 Axes
 - Level 3.2 Armour
 - Level 3.2 Shields


You had 2 spell levels left.
You didn't know any spells.
Your spell library was empty.

Inventory:

Hand Weapons
 i - a +0 club
 Y - a +0 war axe (weapon)
Missiles
 g - 5 boomerangs (quivered)
Armour
 b - a +0 scale mail (worn)
 c - a +0 buckler (worn)
 j - a +0 pair of boots (worn)
 l - a +0 cloak (worn)
Jewellery
 f - an amulet of reflection (around neck)
Scrolls
 a - a scroll of identify
 e - a scroll of immolation {unknown}
Potions
 d - a potion of might
 h - a potion of degeneration {unknown}
 k - 2 potions of curing {unknown}

Dungeon Overview and Level Annotations

Branches:
Dungeon (2/15)

Altars:


Message History

You block the gnoll's attack.
You hit the ball python.
The ball python is moderately wounded.
You barely miss the gnoll. You block the ball python's attack.
The ball python constricts you. The gnoll hits you but does no damage.
The gnoll barely misses you.
The gnoll hits you from afar with a +0 spear.
The gnoll hits you but does no damage.
The ball python bites you but does no damage.
The ball python constricts you.
You closely miss the ball python.
The ball python is moderately wounded.
You slash the gnoll! You block the ball python's attack.
The ball python constricts you. The gnoll completely misses you.
The gnoll hits you but does no damage.
The gnoll hits you from afar with a +0 halberd.
You block the gnoll's attack.
You slash the ball python!
You kill the ball python!
You hit the frilled lizard.
You kill the frilled lizard!
You hit the gnoll.
You kill the gnoll!
You block the gnoll's attack.
The gnoll hits you from afar with a +0 spear.
The gnoll closely misses you.
A worm comes into view.
The gnoll hits you from afar with a +0 spear.
The gnoll hits you but does no damage. The gnoll closely misses you.
The gnoll hits you but does no damage.
The gnoll hits you from afar with a +0 halberd!
You block the gnoll's attack.
You barely miss the gnoll. You closely miss the frilled lizard.
The gnoll hits you but does no damage. You block the gnoll's attack.
The gnoll hits you with a +0 spear. You block the frilled lizard's attack.
You closely miss the gnoll. You closely miss the frilled lizard.
You block the gnoll's attack. The gnoll hits you but does no damage.
The frilled lizard bites you but does no damage.
The gnoll hits you from afar with a +0 spear.
You die...

........# .#
........# .# .
........###.#.
.............
..........w#
......gg...###.#.
.....$g.)%.....#.#
......l@...#####.#
..............##.#
##.#####.##.#.##.#
#....#.##.#
#.#######.##.#######
#.......#).........#
#######.##...<.....#
#######..).........#
#..................#


You could see a worm, 3 gnolls and a frilled lizard.

Vanquished Creatures
  A gnoll (D:2)
  An adder (D:2)
  6 ball pythons
  3 endoplasms (D:1)
  5 goblins
  3 hobgoblins (D:1)
  2 quokkas (D:1)
  2 bats
  3 frilled lizards
  3 kobolds (D:1)
  4 rats
33 creatures vanquished.

Notes
Turn   | Place    | Note
-------+----------+-------------------------------------------
     0 | D:1      | qw the Gargoyle Fighter began the quest for the Orb.
     0 | D:1      | Reached XP level 1. HP: 14/14 MP: 1/1
     0 | D:1      | 0 ||| qw: Version: 0.2-a-102-gdf20003
     0 | D:1      | 0 ||| qw: Game counter: 840
     0 | D:1      | 0 ||| qw: Always use a shield: true
     0 | D:1      | 0 ||| qw: God list: Okawaru
     0 | D:1      | 0 ||| qw: Allow faded altars: false
     0 | D:1      | 0 ||| qw: Do Orc after D:15 true
     0 | D:1      | 0 ||| qw: Do second Lair branch before Depths: true
     0 | D:1      | 0 ||| qw: Lair rune preference: random
     0 | D:1      | 0 ||| qw: Plans: Normal, Zot:1-4, Slime:5, God:TSO, Crypt,
                  | Tomb, Pan, Hells, Abyss, Win
     0 | D:1      | 0 ||| PLANNING D:1-11
   189 | D:1      | Reached XP level 2. HP: 17/19 MP: 2/2
   405 | D:1      | 405 ||| Stepping ~*~*~tactically~*~*~ (stealth).
   407 | D:1      | 407 ||| Stepping ~*~*~tactically~*~*~ (hiding).
   462 | D:1      | Reached skill level 3 in Axes
   507 | D:1      | Reached XP level 3. HP: 23/23 MP: 3/3
   767 | D:1      | 767 ||| UPGRADING to +0 pair of boots.
   772 | D:1      | 772 ||| UPGRADING to +0 cloak.
   777 | D:1      | 777 ||| UPGRADING to amulet of reflection.
   782 | D:1      | 782 ||| READING 2 scrolls labelled XOYRAP USIO.
   916 | D:2      | HP: 4/23 [gnoll/+0 halberd (9)]
   917 | D:2      | HP: 1/23 [gnoll/+0 spear (3)]
   918 | D:2      | Slain by a gnoll

Levels and vault maps discovered:
D:1:      minmay_arrival_arboretum_small, layout_basic,
          chequers_serial_rivers_micro_d
D:2:      layout_basic

Skill      XL: |  1  2 |
---------------+-------+-----
Axes           | 2 3 |  3.6
Fighting       | |  3.2
Armour         | |  3.2
Shields        | |  3.2

Action                     || total
---------------------------++-------
  Melee: War axe           ||    70
  Throw: Boomerang         ||    24
    Use: Scroll            ||     1
 Armour: Scale mail        ||    34
  Dodge: Dodged            ||    42
  Block: Buckler           ||    23

Table legend:
 A = Non-vault XP
 B = Vault XP
 C = Vault XP percentage of total XP
 D = Non-vault monster count
 E = Vault monster count
 F = Vault count percentage of total count
                 A         B        C        D         E       F
            +---------+---------+-------+---------+---------+-------
      Total |      75 |       0 |   0.0 |      33 |       0 |   0.0
            +---------+---------+-------+---------+---------+-------
        D:1 |      39 |       0 |   0.0 |      26 |       0 |   0.0
        D:2 |      36 |       0 |   0.0 |       7 |       0 |   0.0
            +---------+---------+-------+---------+---------+-------
